 Dungeon Crawl Stone Soup version 0.31-a0-620-gd1cbd99 (webtiles) character file.

Game seed: 17463051380283611255

1865370 Wizard1ke the Gargoyle Porcupine (level 27, 200/200 HPs)
             Began as a Gargoyle Cinder Acolyte on Aug 22, 2023.
             Was the Champion of Jiyva.
             Escaped with the Orb
             ... and 3 runes on Aug 23, 2023!
             The game lasted 02:43:51 (54550 turns).

Wizard1ke the Gargoyle Porcupine (GrCA)            Turns: 54550, Time: 02:43:52

Health: 200/200    AC: 65    Str: 25    XL:     27
Magic:  42/42      EV: 19    Int: 18    God:    Jiyva [******]
Gold:   536        SH:  0    Dex:  9    Spells: 43/50 levels left

rFire   + . .        A - +3 bardiche (heavy)
rCold   + + .        (shield currently unavailable)
rNeg    + . .        c - +8 gold dragon scales
rPois   ∞            M - +2 helmet {SInv}
rElec   +            y - +2 cloak
rCorr   +            B - +0 pair of gloves
SInv    +            R - +2 pair of boots {Stlth+}
Will    +++..        F - amulet "Oryip" {Faith Harm rF+ rC+ Regen+} Stlth
                     T - ring of the Hare {EV+10}
HPRegen 5.33/turn    s - ring of willpower
MPRegen 0.78/turn

%: harm (+30% outgoing, +20% incoming), faith
@: flying, studying 2 skills
A: sickness immunity, AC +20, big wings, negative energy resistance 1,
electricity resistance, torment resistance 1, petrification resistance, claws 2,
talons 1, high MP 1, mutation resistance 2, regeneration 3, robust 1, wild magic
2, gelatinous body 3, heat vulnerability 1
0: Orb of Zot
}: 3/15 runes: decaying, serpentine, slimy
a: Renounce Religion, Oozemancy, Slimify


You escaped.
You worshipped Jiyva.
Jiyva was exalted by your worship.
You visited 11 branches of the dungeon, and saw 52 of its levels.
You visited the Abyss 1 time.
You also visited: Gauntlet and Wizlab.

You collected 3792 gold pieces.
You spent 3256 gold pieces at shops.

Inventory:

Hand Weapons
 f - a +3 demon trident
 A - a +3 heavy bardiche (weapon)
 L - a +2 bardiche of flaming
Missiles
 k - 39 javelins
 E - 9 throwing nets
Armour
 c - +8 gold dragon scales (worn)
 y - a +2 cloak (worn)
 B - a +0 pair of gloves (worn)
 M - a +2 helmet of see invisible (worn)
 R - a +2 pair of boots of stealth (worn)
Jewellery
 n - the ring "Geppuunt" {rC+ SInv}
   (You found it on level 5 of the Pits of Slime)

   [ring of see invisible]

   rC+:       It protects you from cold.
   SInv:      It lets you see invisible.
 r - a ring of positive energy
 s - a ring of willpower (right hand)
 w - the ring "Gainemergh" {rC+ AC+4}
   (You took it off a deep elf demonologist on level 3 of the Elven Halls)

   [ring of protection]

   AC+4:      It affects your AC (+4).
   rC+:       It protects you from cold.
 F - the amulet "Oryip" (around neck) {Faith Harm rF+ rC+ Regen+}
   (You took it off a deep elf annihilator on level 3 of the Elven Halls)

   [amulet of faith]

   Faith:     It allows you to gain divine favour quickly.
   rF+:       It protects you from fire.
   rC+:       It protects you from cold.
   Regen+:    It increases your rate of health regeneration.
   Harm:      It increases damage dealt and taken.
 K - a ring of fire
 O - a ring of fire
 T - the ring of the Hare (left hand) {EV+10}
   (You took it off a deep elf demonologist on level 3 of the Elven Halls)

   [ring of evasion]

   EV+10:     It affects your evasion (+10).
 Y - an amulet of regeneration
Wands
 m - a wand of flame (22)
 t - a wand of paralysis (35)
 z - a wand of digging (15)
 C - a wand of quicksilver (11)
 J - a wand of roots (35)
 S - a wand of mindburst (34)
Scrolls
 a - 4 scrolls of fog
 h - 6 scrolls of fear
 i - 6 scrolls of vulnerability
 p - 5 scrolls of teleportation
 u - 6 scrolls of immolation
 N - a scroll of poison
 P - 8 scrolls of blinking
 U - 3 scrolls of silence {!r}
 V - 2 scrolls of revelation
Potions
 b - 3 potions of heal wounds
 d - 6 potions of berserk rage {!q}
 e - a potion of haste
 g - 2 potions of magic
 j - 18 potions of curing
 l - 3 potions of mutation
 o - 6 potions of enlightenment
 q - 4 potions of invisibility
 x - 11 potions of ambrosia
 D - 2 potions of cancellation
 G - 8 potions of might
 I - 2 potions of brilliance
 Q - 6 potions of lignification
 X - a potion of resistance
Miscellaneous
 v - a lightning rod (4/4)
 H - a tin of tremorstones (2/2)
 W - a phial of floods
 Z - a phantom mirror


   Skills:
 + Level 21.1 Fighting
 O Level 27 Polearms
 + Level 16.7 Armour
 - Level 12.0 Spellcasting
 - Level 18.0 Translocations
 - Level 3.0 Fire Magic
 - Level 10.0 Evocations


You had 43 spell levels left.
You knew the following spells:

 Your Spells              Type           Power      Damage    Failure   Level
a - Scorch                Fire           68%        2d7       69%         2
b - Manifold Assault      Tloc           88%        N/A       3%          4
c - Apportation           Tloc           100%       N/A       1%          1

Your spell library contained the following spells:

 Spells                   Type           Power      Damage    Failure   Level
 Dispersal                Tloc           44%        N/A       26%         6
 Iskenderun's Mystic Bla  Conj/Tloc      62%        2d13      52%         4
 Summon Forest            Summ/Tloc      31%        N/A       82%         5
 Freeze                   Ice            68%        1d8       90%         1
 Magic Dart               Conj           68%        1d6       90%         1
 Necrotise                Necr           68%        1d7       90%         1
 Shock                    Conj/Air       68%        1d7       90%         1
 Sting                    Tmut/Pois      68%        1d6       90%         1
 Summon Small Mammal      Summ           68%        N/A       90%         1
 Call Imp                 Summ           34%        N/A       97%         2
 Ensorcelled Hibernation  Hex/Ice        34%        N/A       97%         2
 Passwall                 Tmut/Erth      14%        N/A       97%         2
 Poisonous Vapours        Pois/Air       34%        N/A       97%         2
 Searing Ray              Conj           34%        2d5       97%         2
 Static Discharge         Conj/Air       34%        2-4/arc   97%         2
 Inner Flame              Hex/Fire       25%        N/A       97%         3
 Dazzling Flash           Conj/Hex       34%        N/A       99%         3
 Frozen Ramparts          Ice            34%        1d6       99%         3
 Hailstorm                Conj/Ice       17%        3d6       99%         3
 Mephitic Cloud           Conj/Pois/Air  17%        N/A       99%         3
 Ozocubu's Armour         Ice            17%        N/A       99%         3
 Summon Guardian Golem    Hex/Summ       17%        N/A       99%         3
 Swiftness                Air            17%        N/A       99%         3
 Airstrike                Air            8%         2d(2-18)  100%        4
 Anguish                  Hex/Necr       8%         N/A       100%        4
 Cause Fear               Hex            8%         N/A       100%        4
 Dispel Undead            Necr           17%        3d10      100%        4
 Flame Wave               Conj/Fire      25%        2d8       100%        4
 Leda's Liquefaction      Hex/Erth       8%         N/A       100%        4
 Olgreb's Toxic Radiance  Pois           17%        N/A       100%        4
 Sticky Flame             Conj/Fire      25%        2d5       100%        4
 Summon Ice Beast         Ice/Summ       17%        N/A       100%        4
 Summon Lightning Spire   Summ/Air       17%        N/A       100%        4
 Agony                    Necr           17%        N/A       100%        5
 Alistair's Intoxication  Tmut/Pois      11%        N/A       100%        5
 Borgnjor's Vile Clutch   Necr/Erth      8%         N/A       100%        5
 Iskenderun's Battlesphe  Conj           17%        2d7       100%        5
 Silence                  Hex/Air        8%         N/A       100%        5
 Summon Mana Viper        Hex/Summ       17%        N/A       100%        5
 Yara's Violent Unravell  Hex/Tmut       8%         3d5       100%        5
 Conjure Ball Lightning   Conj/Air       8%         3x3d6     100%        6
 Death Channel            Necr           8%         N/A       100%        6
 Eringya's Noxious Bog    Tmut/Pois      8%         4d6       100%        6
 Leda's Unmaking          Conj/Erth      8%         9d2       100%        6
 Simulacrum               Ice/Necr       8%         N/A       100%        6
 Summon Cactus Giant      Summ           8%         N/A       100%        6
 Enfeeble                 Hex            8%         N/A       100%        7
 Orb of Destruction       Conj           8%         9d6       100%        7
 Ozocubu's Refrigeration  Ice            8%         4d9       100%        7
 Spellforged Servitor     Conj/Summ      8%         N/A       100%        7
 Disjunction              Tloc           44%        N/A       100%        8
 Fire Storm               Conj/Fire      12%        8d3       100%        9
 Cigotuvi's Dreadful Rot  Necr/Pois/Air  Unusable   N/A       N/A         2

Dungeon Overview and Level Annotations

Branches:
Dungeon (15/15)            Temple (1/1) D:6            Lair (5/5) D:8
  Swamp (4/4) Lair:2        Snake (4/4) Lair:3        Slime (5/5) Lair:4
    Orc (2/2) D:11            Elf (3/3) Orc:2        Vaults (4/5) D:13
  Crypt (0/3) Vaults:2     Depths (4/4) D:15            Zot (5/5) Depths:4
 WizLab (visited)         Gauntlet (visited)

Altars:
Ashenzari
Cheibriados
Dithmenos
Elyvilon
Fedhas
Gozag
Hepliaklqana
Kikubaaqudgha
Makhleb
Nemelex Xobeh
Okawaru
Qazlal
Ru
Sif Muna
Trog
Uskayaw
Vehumet
Wu Jian
Xom
Yredelemnul
Zin
The Shining One
Jiyva

Shops:
D:8 *   D:12 [   D:13 =   Orc:2 ::*:   Vaults:4 [*[

Portals:
Hell: Depths:1 Depths:2 Depths:3 Depths:4
Abyss: D:7 Depths:2 Depths:3 Depths:4
Pandemonium: Depths:2
Ziggurat: Depths:3
Bazaar: Orc:2 Vaults:4

Annotations:
D:3 1 runed translucent door, exclusion: door, Crazy Yiuf
D:7 2 transporters, Caterwaul's ghost, novice DsSh
Lair:5 2 runed translucent doors, exclusions: 2 doors and oklob plant
Swamp:4 3 runed translucent doors, exclusion: 3 doors, Uroge's ghost, journeyman GrEE
Snake:2 Vashnia
Slime:5 Royal Jelly
Elf:2 3 runed translucent doors
Vaults:5 !vaults warning
Depths:3 1 transporter
Zot:3 1 runed translucent door, exclusion: door, Vapurghao's ghost, master MiBr
Zot:5 3 runed translucent doors, exclusion: 3 doors, Kaonimui's ghost, master DjHW


Innate Abilities, Weirdness & Mutations

You are immune to sickness and miasma.
Your stone body is resilient. (AC +20)
You are immune to poison.
Your large and strong wings let you fly.
You resist negative energy. (rN+)
You are resistant to electric shocks. (rElec)
You are resistant to unholy torment.
You are immune to petrification.
You have very sharp fingernails.
You have sharp toenails.
You have an increased reservoir of magic. (+10% MP)
You are somewhat resistant to both further mutation and mutation removal.
You regenerate.
You are robust. (+10% HP)
Your spells are harder to cast, but more powerful.
Your gelatinous body deflects attacks. (AC +3, EV +3)
You are vulnerable to heat. (rF-)


Message History

The Executioner gestures.
The Executioner seems to speed up.
Space momentarily warps into an impossible shape!
You barely miss the Executioner.
You cut the large abomination into ribbons!!!
You destroy the large abomination!
The Executioner closely misses you. x2
The Executioner hits you but does no damage. x2
The Executioner closely misses you.
The Executioner hits you but does no damage.
Space momentarily warps into an impossible shape!
You barely miss the Executioner.
The Executioner hits you but does no damage. x4
The Executioner closely misses you.
The Executioner hits you but does no damage. x4
You open the Executioner like a pillowcase!!!!
You kill the Executioner!
(D) Dungeon (T) Temple (L) Lair (S) Swamp (P) Snake Pit (M) Slime Pits (O) Orcish Mines (E) Elven Halls (V) Vaults (C) Crypt (U) Depths (H) Hell (Z) Zot
Where to? (Tab/Enter - D:1 @ (x,y), ? - help)
There is a stone staircase leading up here.
You fly upwards.
Magic restored.
There is a stone staircase leading down here.
There is a stone staircase leading up here.
You fly upwards.
Level annotation: 1 runed translucent door, exclusion: door, Crazy Yiuf
There is a stone staircase leading down here.
There is a stone staircase leading up here.
You fly upwards.
There is a stone staircase leading down here.
There is a stone staircase leading up here.
You fly upwards.
There is a stone staircase leading down here.
There is an open door here.
There is an open door here.
There is an open door here.
There is a staircase leading out of the dungeon here.
You have escaped!

#...........# #.....#########
#.#########.# #.......#......
#.#.##......# ###'###.#.#####
#.#....#############.# #...#
#.#.#..###...........###########
#.#.#..##..........#...........#
##.#.#........#####.###.....###.#
...#.#.(....###...#.# #......##.#
####......###.'.@.#.# #....#.##.#
.....#..###.#.#...#.# #....#.##.#
.####..##...#.#...#.# #....#..#.#
.# #..####.##'#####.# #....##.#..
.###.####..##..#....###(...##....
.##..##........'....#............
.#..####...#...#....#.###########
.#.## #..#.##'#####.#.# ########
#..# ##...)#..#...#.#.####.......


There were no monsters in sight!

Vanquished Creatures
  An ancient lich (Zot:5)
  2 dread liches (Zot:5)
  4 orbs of fire
  4 Killer Klowns (Zot:5)
  Xtahua (Vaults:2)
  3 curse toes
  7 golden dragons
  A Brimstone Fiend (D:8)
  A Tzitzimitl (D:7)
  4 electric golems
  Mlioglotl (Snake:2)
  11 tentacled monstrosities
  25 Orb Guardians
  7 quicksilver dragons
  2 liches
  A titan (Depths:3)
  2 deep elf master archers (Elf:3)
  3 Executioners
  7 sphinxes
  2 deep elf blademasters
  9 death cobs
  4 thorn hunters
  2 tengu reavers
  6 shadow dragons
  8 storm dragons
  Donald (Vaults:2)
  7 draconian monks
  6 fire giants
  6 nagarajas
  An iron dragon (Depths:2)
  5 deep elf sorcerers (Elf:3)
  3 draconian knights (Zot:4)
  3 deep elf elementalists (Elf:3)
  3 draconian scorchers
  6 ghost moths
  A balrug (Depths:2)
  7 frost giants
  13 vault wardens
  10 very ugly things
  A draconian annihilator (Zot:1)
  8 stone giants
  2 ghouls
  3 draconian shifters
  15 ironbound preservers
  5 draconian stormcallers
  2 war gargoyles
  3 vampire knights
  7 deep elf demonologists (Elf:3)
  14 ironbound thunderhulks
  14 purple draconians
  9 eleionomae
  12 white draconians
  6 dire elephants
  A minotaur (Gauntlet)
  6 black draconians
  11 green draconians
  14 red draconians
  22 yellow draconians
  7 deep elf annihilators
  5 spark wasps (Depths:3)
  2 blizzard demons (Depths:3)
  6 bunyips
  A crystal guardian (Vaults:3)
  7 statues (WizLab)
  2 ettins
  6 fire dragons
  6 deep elf death magi
  A green death (Depths:2)
  A shambling mangrove (Swamp:3)
  Snorg (Orc:1)
  2 jiangshi (Depths:2)
  3 deep elf high priests (Elf:3)
  2 merfolk impalers (Depths:4)
  5 yaktaur captains
  Fannar (D:11)
  3 hell beasts (Depths:2)
  24 hydras
  A peacekeeper (Vaults:3)
  An entropy weaver (Vaults:1)
  5 ghost crabs
  3 rakshasas
  A salamander tyrant (Snake:4)
  12 vault guards
  A catoblepas (Lair:4)
  5 ice dragons
  2 spriggan air magi (Depths:3)
  A spriggan skeleton (D:15)
  11 ironbound frosthearts
  6 anacondas
  4 alligators
  6 two-headed ogres
  7 boulder beetles
  5 centaur warriors
  4 deep troll shamans
  5 tengu warriors
  15 dancing weapons
  4 deep troll earth magi
  10 naga warriors
  A titan zombie (Depths:2)
  A vampire mage (Depths:2)
  12 spriggans
  A demonic crawler (Abyss:2)
  2 spriggan berserkers
  2 sun demons
  20 naga sharpshooters
  5 orc high priests
  9 shock serpents
  2 soul eaters
  6 hell knights
  10 deep elf knights
  A storm dragon zombie (Depths:2)
  A skyshark (Lair:4)
  A wretched star (Abyss:2)
  A fire crab (Lair:3)
  2 skeletal warriors (D:15)
  5 iron trolls
  Amaemon (D:11)
  2 death drakes
  6 goliath frogs
  2 salamander mystics
  47 deep trolls
  5 spriggan druids (Swamp:4)
  An orange crystal statue (Depths:1)
  18 deep elf archers
  An orb spider (Abyss:2)
  9 bog bodies
  7 swamp dragons
  An obsidian statue (Depths:2)
  13 ironbound convokers
  A spectral wolf spider (Gauntlet)
  5 wizards
  4 harpies (Vaults:2)
  7 naga ritualists
  A phantasmal warrior (D:14)
  6 large abominations
  6 necromancers
  32 ugly things
  5 lindwurms
  3 frost giant zombies
  4 orc knights
  26 deep elf pyromancers
  22 deep elf zephyrmancers
  4 orc sorcerers
  3 will-o-the-wisps
  9 salamanders
  A wolf spider zombie (Gauntlet)
  6 cyclopes
  2 oklob plants (Zot:4)
  9 mana vipers
  2 manticores
  20 black mambas
  8 elephants
  27 moths of wrath
  3 rust devils
  A stone giant skeleton (D:15)
  Joseph (Lair:1)
  A centaur zombie (Gauntlet)
  2 guardian serpents
  A fire giant skeleton (D:15)
  14 vault sentinels
  3 smoke demons
  A torpor snail (Lair:5)
  3 orange demons
  A frost giant skeleton (Depths:1)
  Maggie (D:6)
  21 naga magi
  3 molten gargoyles (Lair:5)
  3 unseen horrors
  A naga skeleton (Abyss:2)
  15 komodo dragons
  A rime drake (Lair:3)
  13 cane toads
  2 gargoyles
  39 yaktaurs
  A hellion (Abyss:2)
  A kobold demonologist (D:13)
  24 tengu conjurers
  3 ancient zymes (Abyss:2)
  An ice devil (Depths:2)
  An efreet (D:15)
  3 red devils
  A freezing wraith (D:13)
  A komodo dragon (shapeshifter) (D:13)
  A troll (shapeshifter) (Elf:2)
  9 trolls
  2 bloated husks
  A queen bee (Lair:3)
  3 polar bears
  2 hellwings (Depths:2)
  9 hornets
  8 tyrant leeches
  A tarantella (Vaults:1)
  11 blink frogs
  7 dream sheep (Lair:5)
  13 raiju
  4 shadows
  Sigmund (D:3)
  19 slime creatures
  2 wraiths
  2 vampires
  A centaur simulacrum (D:14)
  12 water elementals
  7 wyverns
  49 yaks
  2 air elementals
  31 fire elementals
  2 ynoxinuls (Depths:2)
  A small abomination (Abyss:2)
  5 basilisks
  4 fire bats (Depths:3)
  18 vampire mosquitoes
  A chaos spawn (Abyss:2)
  2 steam dragons
  A neqoxec (Abyss:2)
  45 nagas
  4 acid dragons
  6 wargs
  24 swamp worms
  14 water moccasins
  4 hell hounds (Lair:5)
  A glowing shapeshifter skeleton (Depths:1)
  4 black bears
  30 orc warriors
  A sky beast (D:7)
  5 swamp drakes (Swamp:4)
  5 ogres
  13 wolves
  4 centaurs
  4 kobold brigands
  2 necrophages (Swamp:2)
  2 earth elementals (Elf:1)
  10 bullfrogs
  4 scorpions
  8 wights
  35 killer bees
  An electric eel (Lair:2)
  4 howler monkeys
  5 lava snakes (Lair:5)
  5 jellies
  A gnoll bouda (D:6)
  3 hounds
  15 orc priests
  A sleepcap (D:6)
  Jessica (D:3)
  4 iguanas
  Ijyb (D:3)
  2 lightning spires
  16 orc wizards
  6 adders
  8 gnolls (D:6)
  2 shadow imps
  2 white imps (D:6)
  2 ufetubi (D:5)
  A worm (D:4)
  3 dart slugs
  57 orcs
  7 ball pythons
  5 bats
  5 endoplasms
  4 giant cockroaches
  8 hobgoblins
  3 jackals (D:2)
  14 kobolds
  5 quokkas
  2 frilled lizards
  5 goblins
  5 rats
  A spectral orc (D:8)
1773 creatures vanquished.

Vanquished Creatures (collateral kills)
  the Lernaean hydra (Swamp:4)
1 creature vanquished.

Vanquished Creatures (others)
  4 acid blobs
  2 tengu reavers (Vaults:2)
  The ghost of MalacsCross the Eclecticist, a journeyman DgEE (Elf:2)
  A draconian knight (Zot:4)
  A formless jellyfish (Vaults:4)
  An ironbound preserver (Vaults:4)
  A bunyip (Swamp:3)
  A yellow draconian (Zot:4)
  5 great orbs of eyes
  A yaktaur captain (Vaults:4)
  A salamander tyrant (Snake:3)
  A shambling mangrove (Swamp:3)
  2 hydras
  An alligator (Swamp:3)
  2 glowing orange brains
  2 deep elf knights
  A spriggan druid (Swamp:3)
  A salamander mystic (Snake:3)
  An orc knight (Orc:2)
  2 ironbound convokers (Vaults:4)
  2 deep elf pyromancers
  An orc sorcerer (Orc:2)
  A deep elf zephyrmancer (Elf:3)
  An ugly thing (Vaults:4)
  A moth of wrath (Zot:4)
  A black mamba (Snake:1)
  2 vault sentinels (Vaults:4)
  A naga mage (Snake:2)
  7 yaktaurs
  A bloated husk (Swamp:1)
  3 hornets
  A tarantella (shapeshifter) (Depths:1)
  A tyrant leech (Swamp:3)
  2 spriggans (Swamp:4)
  28 slime creatures
  An air elemental (Elf:1)
  A small abomination (Abyss:2)
  2 redbacks (Vaults:1)
  A naga (Snake:3)
  A floating eye (Depths:3)
  A water moccasin (Lair:5)
  A swamp drake (Swamp:3)
  3 boggarts (Vaults:2)
  295 jellies
  An orc priest (Orc:2)
  An orc wizard (Orc:2)
  3 orcs
  A lurking horror (Abyss:2)
397 creatures vanquished.

Grand Total: 2171 creatures vanquished

Notes
Turn   | Place    | Note
-------+----------+-------------------------------------------
     0 | D:1      | Wizard1ke the Gargoyle Cinder Acolyte began the quest for
                  | the Orb.
     0 | D:1      | Reached XP level 1. HP: 14/14 MP: 2/2
   223 | D:1      | Reached XP level 2. HP: 12/19 MP: 3/3
   301 | D:1      | Reached skill level 3 in Polearms
   786 | D:1      | Learned a level 2 spell: Scorch
   851 | D:2      | Reached XP level 3. HP: 23/24 MP: 4/4
   893 | D:2      | Found a faded altar of an unknown god.
  1474 | D:3      | Noticed Sigmund
  1553 | D:3      | Reached XP level 4. HP: 30/30 MP: 5/5
  1561 | D:3      | Noticed Jessica
  1561 | D:3      | Noticed Ijyb
  1567 | D:3      | Killed Jessica
  1585 | D:3      | Killed Ijyb
  1586 | D:3      | Reached skill level 4 in Polearms
  1765 | D:3      | Reached XP level 5. HP: 30/34 MP: 6/6
  1837 | D:3      | Found a runed translucent door.
  1838 | D:3      | Noticed Crazy Yiuf
  1874 | D:3      | Killed Sigmund
  1875 | D:3      | Reached skill level 5 in Fighting
  1875 | D:3      | Reached XP level 6. HP: 34/41 MP: 7/7
  2389 | D:4      | Reached skill level 5 in Polearms
  2548 | D:4      | Reached XP level 7. HP: 32/47 MP: 8/8
  3151 | D:5      | Entered Level 5 of the Dungeon
  3370 | D:5      | Reached skill level 6 in Polearms
  3610 | D:5      | Reached skill level 1 in Armour
  3610 | D:5      | Reached XP level 8. HP: 53/53 MP: 9/9
  3842 | D:6      | Noticed Maggie
  3857 | D:6      | Killed Maggie
  3877 | D:6      | Found a staircase to the Ecumenical Temple.
  3886 | Temple   | Entered the Ecumenical Temple
  3988 | D:6      | You fall into a shaft and drop 2 floors!
  4233 | D:7      | Found a transporter.
  4237 | D:7      | Noticed a toenail golem
  4247 | D:7      | Found a one-way gate to the infinite horrors of the Abyss.
  4247 | D:7      | Noticed Caterwaul's ghost (novice DsSh)
  4258 | D:7      | Found a transporter.
  4262 | D:7      | Reached skill level 7 in Polearms
  4591 | D:6      | Reached XP level 9. HP: 60/60 MP: 10/10
  4786 | D:6      | Got the Lectures on the Caves and Lightning
  5091 | D:7      | Identified the amulet "Fewob" {Reflect rPois Int+7 Dex-4
                  | SH+5}
  5160 | D:7      | Found an ancient bone altar of Kikubaaqudgha.
  5160 | D:7      | Found a snail-covered altar of Cheibriados.
  5160 | D:7      | Found a burning altar of Makhleb.
  5165 | D:7      | Found a stormy altar of Qazlal.
  5168 | D:7      | Found a shadowy altar of Dithmenos.
  5171 | D:7      | Found an ornate altar of the Wu Jian Council.
  5173 | D:7      | Found a glowing silver altar of Zin.
  5174 | D:7      | Found a hide-covered altar of Uskayaw.
  5307 | D:7      | Reached skill level 8 in Polearms
  5799 | D:8      | Reached skill level 10 in Fighting
  5896 | D:8      | Found Kismisaz's Assorted Antiques.
  5914 | D:8      | Bought a black potion for 31 gold pieces
  5914 | D:8      | Bought a scroll labelled RAMOQ VAQADWO for 35 gold pieces
  5914 | D:8      | Bought a runed helmet for 262 gold pieces
  5930 | D:8      | Found a hazy altar of Hepliaklqana.
  5978 | D:8      | Noticed a komodo dragon
  6002 | D:8      | Killed a komodo dragon
  6034 | D:8      | Found a staircase to the Lair.
  6070 | D:8      | Noticed a two-headed ogre
  6236 | D:8      | Killed a two-headed ogre
  6237 | D:8      | Reached skill level 9 in Polearms
  6237 | D:8      | Reached XP level 10. HP: 69/69 MP: 11/11
  7457 | D:9      | Reached skill level 10 in Polearms
  7794 | D:10     | Entered Level 10 of the Dungeon
  7919 | D:10     | Noticed a two-headed ogre
  7926 | D:10     | Killed a two-headed ogre
  7998 | D:10     | Noticed a two-headed ogre
  8009 | D:10     | Killed a two-headed ogre
  8116 | D:10     | Found a broken altar of Ashenzari.
  8144 | D:10     | Reached XP level 11. HP: 74/76 MP: 12/12
  8193 | D:10     | Reached skill level 11 in Polearms
  8403 | D:10     | Found a sparkling altar of Nemelex Xobeh.
  8750 | D:11     | Noticed a cyan ugly thing
  8763 | D:11     | Killed a cyan ugly thing
  9033 | D:11     | Noticed Amaemon
  9035 | D:11     | Noticed a two-headed ogre
  9057 | D:11     | Killed a two-headed ogre
  9058 | D:11     | Reached skill level 12 in Polearms
  9068 | D:11     | Killed Amaemon
  9120 | D:11     | Found a staircase to the Orcish Mines.
  9871 | Lair:1   | Entered Level 1 of the Lair of Beasts
  9883 | Lair:1   | Noticed Joseph
  9905 | Lair:1   | Killed Joseph
 10077 | Lair:1   | Reached skill level 13 in Polearms
 10077 | Lair:1   | Reached XP level 12. HP: 84/84 MP: 13/13
 11212 | Lair:2   | Reached skill level 15 in Fighting
 11212 | Lair:2   | Reached skill level 1 in Evocations
 11864 | Lair:2   | Found a staircase to the Swamp.
 12660 | Lair:3   | Noticed a boulder beetle
 12681 | Lair:3   | Killed a boulder beetle
 12852 | Lair:3   | Reached skill level 5 in Evocations
 12942 | Lair:3   | Found the +3 hat of Pondering {ponderous, Will+ MP+10
                  | Int+5}
 13184 | Lair:3   | Noticed Nessos
 13186 | Lair:3   | Nessos changed into Nessos the fire crab
 13186 | Lair:3   | Noticed Nessos
 13292 | Lair:3   | Killed Nessos the fire crab
 13293 | Lair:3   | Reached skill level 5 in Armour
 13660 | Lair:3   | Noticed a seven-headed hydra
 13662 | Lair:3   | Reached XP level 13. HP: 87/92 MP: 14/14
 14350 | Lair:3   | Reached skill level 14 in Polearms
 14352 | Lair:3   | Found a staircase to the Snake Pit.
 14654 | Lair:4   | Found a viscous altar of Jiyva.
 14657 | Lair:4   | Found a staircase to the Slime Pits.
 14736 | Lair:4   | Found a gate leading to a gauntlet.
 14748 | Gauntlet | Entered a Gauntlet
 14748 | Gauntlet | Found a transporter.
 14748 | Gauntlet | Found a transporter.
 14754 | Gauntlet | Found a transporter.
 14767 | Gauntlet | Found a transporter.
 14783 | Gauntlet | Found a transporter.
 14783 | Gauntlet | Found a transporter.
 14786 | Gauntlet | Found a transporter.
 14786 | Gauntlet | Found a transporter.
 14788 | Gauntlet | Found a transporter.
 14798 | Gauntlet | Found a transporter.
 14814 | Gauntlet | Found a transporter.
 14814 | Gauntlet | Noticed a great orb of eyes
 14824 | Gauntlet | Found a transporter.
 14845 | Gauntlet | Found a transporter.
 14863 | Gauntlet | Found a transporter.
 15052 | Gauntlet | Identified the amulet "Uqewnog" {Reflect rN++ Dex-3 SH+5}
 15099 | Gauntlet | Noticed a minotaur
 15104 | Gauntlet | Killed a minotaur
 15362 | Lair:4   | Reached skill level 15 in Polearms
 16824 | D:12     | Reached skill level 16 in Polearms
 16962 | D:12     | Gained mutation: Your large and strong wings let you fly.
                  | [Gargoyle growth]
 16962 | D:12     | Reached XP level 14. HP: 95/98 MP: 15/15
 16998 | D:12     | Found Osyonuc's Armour Emporium.
 17435 | D:13     | Acquired a +2 bardiche of venom
 18301 | D:13     | Found Ustousu's Jewellery Emporium.
 18311 | D:13     | Bought an amulet of regeneration for 450 gold pieces
 18698 | D:13     | Found a gate to the Vaults.
 18931 | D:13     | Identified the +5 whip of Gravity {holy, +Blink rElec rPois
                  | rF+}
 18982 | D:13     | Found an iron altar of Okawaru.
 19188 | Orc:1    | Entered Level 1 of the Orcish Mines
 19190 | Orc:1    | Noticed Fannar
 19213 | D:11     | Killed Fannar
 19225 | Orc:1    | Noticed Snorg
 19237 | Orc:1    | Killed Snorg
 19741 | Lair:4   | Fell from the grace of Ignis
 19741 | Lair:4   | Became a worshipper of Jiyva Jyted the Shapeless
 19752 | Lair:5   | Entered Level 5 of the Lair of Beasts
 20097 | Lair:5   | Reached XP level 15. HP: 106/106 MP: 16/16
 20286 | Lair:5   | Reached * piety under Jiyva
 20941 | Lair:5   | Found a large runed translucent door.
 20942 | Lair:5   | Found a large runed translucent door.
 20995 | Lair:5   | Reached skill level 10 in Armour
 21628 | D:8      | You are sucked into a shaft and drop 1 floor!
 21707 | Orc:2    | Entered Level 2 of the Orcish Mines
 21779 | Orc:1    | Reached ** piety under Jiyva
 21877 | Orc:2    | Was forgiven by Ignis
 21959 | Orc:2    | Found a staircase to the Elven Halls.
 22027 | Orc:2    | Found a gateway to a bazaar.
 22196 | Orc:2    | Paralysed by an orc sorcerer for 5 turns
 22389 | Orc:2    | Found Qoracrac's Book Shop.
 22389 | Orc:2    | Found Luqak Her's Book Emporium.
 22391 | Orc:2    | Found Bygiom's Book Emporium.
 22391 | Orc:2    | Found Liloikhlo's Assorted Antiques.
 22406 | Orc:2    | Bought a purple potion for 29 gold pieces
 22408 | Orc:2    | Bought a book of the Warp for 588 gold pieces
 22728 | D:14     | Reached skill level 17 in Polearms
 22837 | D:14     | Reached *** piety under Jiyva
 22918 | D:14     | Found a glowing golden altar of the Shining One.
 23393 | D:15     | Entered Level 15 of the Dungeon
 23393 | D:15     | Found a staircase to the Depths.
 23425 | D:15     | Gained mutation: Your mind is acute. (Int +4, Str/Dex -1)
                  | [Jiyva's grace]
 23425 | D:15     | Gained mutation: Your mind is very acute. (Int +8, Str/Dex
                  | -2) [Jiyva's grace]
 23425 | D:15     | Gained mutation: You have sharp toenails. [Jiyva's grace]
 23425 | D:15     | Gained mutation: You have razor-sharp toenails. [Jiyva's
                  | grace]
 23427 | D:15     | Reached **** piety under Jiyva
 23522 | D:15     | Reached XP level 16. HP: 98/114 MP: 17/17
 23527 | D:15     | Learned a level 4 spell: Manifold Assault
 23529 | D:15     | Learned a level 1 spell: Apportation
 24076 | D:15     | Reached ***** piety under Jiyva
 24138 | D:13     | Identified the +5 great sword "Kefeeheu" {elec, rC++ Will-
                  | SInv}
 24356 | Snake:1  | Entered Level 1 of the Snake Pit
 24455 | Snake:1  | Reached skill level 18 in Polearms
 24572 | Snake:1  | Reached skill level 1 in Translocations
 24910 | Snake:1  | Lost mutation: You have razor-sharp toenails. [Jiyva's
                  | grace]
 24910 | Snake:1  | Gained mutation: You have acidic saliva. [Jiyva's grace]
 24910 | Snake:1  | Gained mutation: You possess an exceptional clarity of
                  | mind. [Jiyva's grace]
 24910 | Snake:1  | Gained mutation: You passively map a small area around you.
                  | [Jiyva's grace]
 24910 | Snake:1  | Gained mutation: You passively map the area around you.
                  | [Jiyva's grace]
 25277 | Snake:2  | Noticed Mlioglotl
 25397 | Snake:2  | Noticed Vashnia
 25757 | Snake:2  | Reached skill level 5 in Translocations
 25809 | Snake:2  | Killed Mlioglotl
 26857 | Snake:3  | Reached XP level 17. HP: 60/119 MP: 20/23
 27148 | Snake:3  | Lost mutation: Your mind is very acute. (Int +8, Str/Dex
                  | -2) [Jiyva's grace]
 27148 | Snake:3  | Gained mutation: Your muscles are strong. (Str +4, Int/Dex
                  | -1) [Jiyva's grace]
 27148 | Snake:3  | Gained mutation: Your muscles are very strong. (Str +8,
                  | Int/Dex -2) [Jiyva's grace]
 27148 | Snake:3  | Gained mutation: You have hidden genetic potential.
                  | [Jiyva's grace]
 27148 | Snake:3  | Gained mutation: You have great hidden genetic potential.
                  | [Jiyva's grace]
 27298 | Snake:4  | Entered Level 4 of the Snake Pit
 27533 | Snake:4  | Reached skill level 10 in Translocations
 27753 | Snake:4  | Reached skill level 5 in Spellcasting
 27833 | Snake:4  | Got a serpentine rune of Zot
 27931 | Snake:4  | Found a hazy altar of Hepliaklqana.
 28457 | Swamp:1  | Entered Level 1 of the Swamp
 28659 | Swamp:1  | You are sucked into a shaft and drop 1 floor!
 29390 | Swamp:2  | Reached XP level 18. HP: 125/125 MP: 11/29
 29436 | Swamp:2  | Lost mutation: You have great hidden genetic potential.
                  | [Jiyva's grace]
 29436 | Swamp:2  | Gained mutation: Your rubbery body absorbs attacks. (AC +1,
                  | EV +1) [Jiyva's grace]
 29436 | Swamp:2  | Gained mutation: Your pliable body absorbs attacks. (AC +2,
                  | EV +2) [Jiyva's grace]
 29436 | Swamp:2  | Gained mutation: Your gelatinous body deflects attacks. (AC
                  | +3, EV +3) [Jiyva's grace]
 29436 | Swamp:2  | Gained mutation: You have a pair of small antennae on your
                  | head. [Jiyva's grace]
 29495 | Swamp:2  | Gained mutation: You are agile. (Dex +4, Str/Int -1)
                  | [hidden potential]
 29808 | Swamp:3  | Noticed a tentacled monstrosity
 29814 | Swamp:3  | Killed a tentacled monstrosity
 29847 | Swamp:3  | Paralysed by a fenstrider witch for 2 turns
 30258 | Swamp:3  | Noticed a tentacled monstrosity
 30265 | Swamp:3  | Killed a tentacled monstrosity
 30641 | Swamp:4  | Entered Level 4 of the Swamp
 30641 | Swamp:4  | Reached ****** piety under Jiyva
 30695 | Swamp:4  | Reached skill level 19 in Polearms
 30817 | Swamp:4  | Acquired a +2 bardiche of flaming
 30997 | Swamp:4  | Noticed the 27-headed Lernaean hydra
 31000 | Swamp:4  | Killed the 27-headed Lernaean hydra
 31133 | Swamp:4  | Found a runed translucent gate.
 31133 | Swamp:4  | Found a runed translucent gate.
 31133 | Swamp:4  | Found a runed translucent gate.
 31138 | Swamp:4  | Noticed Uroge's ghost (journeyman GrEE)
 31584 | Swamp:4  | Got a decaying rune of Zot
 31935 | Vaults:1 | Entered Level 1 of the Vaults
 31976 | Vaults:1 | Reached skill level 20 in Polearms
 32038 | Vaults:1 | Reached XP level 19. HP: 130/130 MP: 8/31
 32056 | Vaults:1 | Gained mutation: Your spells are a little harder to cast,
                  | but a little more powerful. [hidden potential]
 32056 | Vaults:1 | Lost mutation: You have hidden genetic potential. [hidden
                  | potential expressed]
 32406 | Vaults:1 | Lost mutation: You have a pair of small antennae on your
                  | head. [Jiyva's grace]
 32406 | Vaults:1 | Lost mutation: You have sharp toenails. [Jiyva's grace]
 32406 | Vaults:1 | Lost mutation: You passively map the area around you.
                  | [Jiyva's grace]
 32406 | Vaults:1 | Lost mutation: Your muscles are very strong. (Str +8,
                  | Int/Dex -2) [Jiyva's grace]
 32406 | Vaults:1 | Lost mutation: You have acidic saliva. [Jiyva's grace]
 32406 | Vaults:1 | Gained mutation: You expend magic power (3 MP) to
                  | strengthen your wands. [Jiyva's grace]
 32406 | Vaults:1 | Gained mutation: You have a small jelly attached to you
                  | that senses nearby items. [Jiyva's grace]
 32406 | Vaults:1 | Gained mutation: You are covered in slimy tendrils that may
                  | disarm your opponents. [Jiyva's grace]
 32406 | Vaults:1 | Gained mutation: You are covered in fur. (AC +1) [Jiyva's
                  | grace]
 32907 | Vaults:1 | Reached skill level 21 in Polearms
 33039 | Vaults:2 | Found a magical portal.
 33049 | WizLab   | Entered Iskenderun's Mystic Tower
 33326 | WizLab   | Reached skill level 10 in Spellcasting
 33553 | WizLab   | Got Iskenderun's Almanac of the Barrage
 33553 | WizLab   | Got Iskenderun's Lectures on Violence
 33744 | Vaults:2 | Noticed Donald
 33749 | Vaults:2 | Killed Donald
 33750 | Vaults:2 | Reached XP level 20. HP: 127/136 MP: 25/34
 33780 | Vaults:2 | Noticed Sojobo
 33789 | Vaults:2 | Slimified Sojobo
 33789 | Vaults:2 | Sojobo changed into Sojobo the azure jelly
 33789 | Vaults:2 | Noticed Sojobo
 33891 | Vaults:2 | Found a staircase to the Crypt.
 33891 | Vaults:2 | Found an ancient bone altar of Kikubaaqudgha.
 33892 | Vaults:2 | Found a basalt altar of Yredelemnul.
 34220 | Vaults:2 | Lost mutation: You are agile. (Dex +4, Str/Int -1) [Jiyva's
                  | grace]
 34220 | Vaults:2 | Lost mutation: Your gelatinous body deflects attacks. (AC
                  | +3, EV +3) [Jiyva's grace]
 34220 | Vaults:2 | Lost mutation: Your pliable body absorbs attacks. (AC +2,
                  | EV +2) [Jiyva's grace]
 34220 | Vaults:2 | Gained mutation: You passively map the area around you.
                  | [Jiyva's grace]
 34220 | Vaults:2 | Gained mutation: You passively map a large area around you.
                  | [Jiyva's grace]
 34220 | Vaults:2 | Gained mutation: You are partially covered in iridescent
                  | scales. (AC +2) [Jiyva's grace]
 34220 | Vaults:2 | Gained mutation: You are mostly covered in iridescent
                  | scales. (AC +4) [Jiyva's grace]
 34253 | Vaults:2 | Noticed Xtahua
 34263 | Vaults:2 | Killed Xtahua
 35354 | Vaults:3 | Reached skill level 10 in Evocations
 35657 | Vaults:3 | You are sucked into a shaft and drop 1 floor!
 35894 | Vaults:4 | Found Foada's General Store.
 35894 | Vaults:4 | Found a gateway to a bazaar.
 35927 | Vaults:4 | Lost mutation: You possess an exceptional clarity of mind.
                  | [Jiyva's grace]
 35927 | Vaults:4 | Lost mutation: You passively map a large area around you.
                  | [Jiyva's grace]
 35927 | Vaults:4 | Lost mutation: You passively map the area around you.
                  | [Jiyva's grace]
 35927 | Vaults:4 | Gained mutation: A frigid envelope surrounds you and
                  | freezes all who hurt you. [Jiyva's grace]
 35927 | Vaults:4 | Gained mutation: You are somewhat resistant to further
                  | mutation. [Jiyva's grace]
 35927 | Vaults:4 | Gained mutation: You are somewhat resistant to both further
                  | mutation and mutation removal. [Jiyva's grace]
 35927 | Vaults:4 | Gained mutation: You are almost entirely resistant to
                  | further mutation and mutation removal. [Jiyva's grace]
 36029 | Vaults:4 | Identified the +4 broad axe of Kindness {elec, Fly rN+}
 36114 | Vaults:4 | Found Kock's Antique Armour Shop.
 36129 | Vaults:4 | Reached skill level 22 in Polearms
 36307 | Vaults:4 | Found Niqumpas's Armour Emporium.
 36727 | Vaults:4 | Reached XP level 21. HP: 141/141 MP: 23/37
 37057 | Elf:1    | Entered Level 1 of the Elven Halls
 37258 | Elf:1    | Reached skill level 23 in Polearms
 37350 | Elf:1    | Found a shimmering blue altar of Sif Muna.
 37763 | Elf:1    | Got the Textbook on Arcane Weapons
 37868 | Elf:1    | Lost mutation: You are mostly covered in iridescent scales.
                  | (AC +4) [Jiyva's grace]
 37868 | Elf:1    | Lost mutation: Your mind is acute. (Int +4, Str/Dex -1)
                  | [Jiyva's grace]
 37868 | Elf:1    | Lost mutation: You are almost entirely resistant to further
                  | mutation and mutation removal. [Jiyva's grace]
 37868 | Elf:1    | Lost mutation: You expend magic power (3 MP) to strengthen
                  | your wands. [Jiyva's grace]
 37868 | Elf:1    | Gained mutation: You have sharp toenails. [Jiyva's grace]
 37868 | Elf:1    | Gained mutation: You have razor-sharp toenails. [Jiyva's
                  | grace]
 37868 | Elf:1    | Gained mutation: You have claws for feet. [Jiyva's grace]
 37868 | Elf:1    | Gained mutation: You possess an exceptional clarity of
                  | mind. [Jiyva's grace]
 38170 | Elf:2    | Killed MalacsCross's ghost
 38211 | Elf:2    | Reached XP level 22. HP: 143/147 MP: 38/38
 38212 | Elf:2    | Reached XP level 23. HP: 151/152 MP: 39/39
 38286 | Elf:2    | Found a runed translucent gate.
 38287 | Elf:2    | Found a runed translucent gate.
 38288 | Elf:2    | Found a runed translucent gate.
 38291 | Elf:2    | Found a viscous altar of Jiyva.
 38363 | Elf:2    | Reached skill level 24 in Polearms
 38657 | Elf:2    | Found a runed translucent gate.
 38658 | Elf:2    | Found a runed translucent gate.
 38658 | Elf:2    | Found a runed translucent gate.
 39042 | Slime:1  | Entered Level 1 of the Pits of Slime
 39096 | Slime:1  | Found a viscous altar of Jiyva.
 39235 | Slime:5  | Entered Level 5 of the Pits of Slime
 39288 | Slime:5  | Noticed the Royal Jelly
 39289 | Slime:5  | Found a viscous altar of Jiyva.
 39302 | Slime:5  | Identified the amulet "Onuehief" {Reflect Int+2 SH+5}
 39304 | Slime:5  | Identified the +2 sling of Defilement {freeze, rPois rF++
                  | rCorr Int-4}
 39305 | Slime:5  | Identified the ring "Geppuunt" {rC+ SInv}
 39318 | Slime:5  | Got a slimy rune of Zot
 39648 | Slime:5  | Identified the staff "Arawn" {rElec rPois Will+ Poison}
 39813 | Slime:5  | Identified the +8 quarterstaff "Janumikhiu" {flame, rC+
                  | rCorr Int+5 Dex+2}
 39815 | Slime:5  | Identified the +8 spear "Ihobuitt" {freeze, rF+ rCorr}
 39820 | Slime:5  | Identified the +3 bardiche of Starshine {venom, Fly Will+
                  | Str+2 Int+4}
 40424 | Elf:3    | Entered Level 3 of the Elven Halls
 40747 | Elf:3    | Identified the amulet "Oryip" {Faith Harm rF+ rC+ Regen+}
 40826 | Elf:3    | Identified the +9 war axe of Jebbuef {vamp, *Corrode rPois
                  | Will+ Str+4}
 40883 | Elf:3    | Identified the ring of Interdependent Arising {rPois Str-3
                  | Dex+5 Slay+4}
 40887 | Elf:3    | Identified the ring "Gainemergh" {rC+ AC+4}
 41048 | Elf:3    | Identified the ring of the Stag {rElec EV+5}
 41051 | Elf:3    | Identified the ring of Itevor {rElec Dex+2 Slay+2 SInv}
 41203 | Elf:3    | Identified the +8 sling of Zin's Castigation {freeze,
                  | Int+2}
 41227 | Elf:3    | Identified the +7 sling of the Threshing Gods {flame,
                  | Int+4}
 41233 | Elf:3    | Identified the +10 rapier "Xeck" {speed, Drain rF+ rCorr
                  | Dex+5}
 41233 | Elf:3    | Identified the +1 robe of Plog {rElec rC+ Str+2}
 41234 | Abyss:2  | Found a basalt altar of Yredelemnul.
 41234 | Abyss:2  | Cast into level 2 of the Abyss (a deep elf demonologist)
 41645 | Elf:3    | Escaped the Abyss
 42039 | Elf:3    | Identified the +6 battleaxe of the Original Sin {spect,
                  | rCorr Int+3}
 42380 | Elf:3    | Lost mutation: A frigid envelope surrounds you and freezes
                  | all who hurt you. [Jiyva's grace]
 42380 | Elf:3    | Lost mutation: You are covered in fur. (AC +1) [Jiyva's
                  | grace]
 42380 | Elf:3    | Lost mutation: Your spells are a little harder to cast, but
                  | a little more powerful. [Jiyva's grace]
 42380 | Elf:3    | Lost mutation: You are covered in slimy tendrils that may
                  | disarm your opponents. [Jiyva's grace]
 42380 | Elf:3    | Lost mutation: You have a small jelly attached to you that
                  | senses nearby items. [Jiyva's grace]
 42380 | Elf:3    | Gained mutation: You are covered in slimy tendrils that may
                  | disarm your opponents. [Jiyva's grace]
 42380 | Elf:3    | Gained mutation: Your natural rate of healing is unusually
                  | fast. [Jiyva's grace]
 42380 | Elf:3    | Gained mutation: You heal very quickly. [Jiyva's grace]
 42380 | Elf:3    | Gained mutation: You regenerate. [Jiyva's grace]
 42578 | Depths:1 | Entered Level 1 of the Depths
 42605 | Depths:1 | Reached XP level 24. HP: 162/162 MP: 38/39
 42626 | Depths:1 | Identified the +0 leather armour "Mudam" {rPois}
 42678 | Depths:1 | You are sucked into a shaft and drop 1 floor!
 42696 | Depths:2 | Reached skill level 15 in Armour
 42972 | Depths:2 | Found a gateway to Hell.
 43480 | Vaults:4 | Bought +2 gold dragon scales for 1564 gold pieces
 44824 | Depths:2 | Found a one-way gate leading to the halls of Pandemonium.
 44945 | Depths:2 | Lost mutation: You have claws for feet. [Jiyva's grace]
 44945 | Depths:2 | Lost mutation: You have razor-sharp toenails. [Jiyva's
                  | grace]
 44945 | Depths:2 | Lost mutation: You possess an exceptional clarity of mind.
                  | [Jiyva's grace]
 44945 | Depths:2 | Lost mutation: You regenerate. [Jiyva's grace]
 44945 | Depths:2 | Lost mutation: Your rubbery body absorbs attacks. (AC +1,
                  | EV +1) [Jiyva's grace]
 44945 | Depths:2 | Gained mutation: Your spells are a little harder to cast,
                  | but a little more powerful. [Jiyva's grace]
 44945 | Depths:2 | Gained mutation: Your spells are harder to cast, but more
                  | powerful. [Jiyva's grace]
 44945 | Depths:2 | Gained mutation: Your spells are much harder to cast, but
                  | much more powerful. [Jiyva's grace]
 44945 | Depths:2 | Gained mutation: You have a small jelly attached to you
                  | that may absorb projectiles. [Jiyva's grace]
 45138 | Depths:3 | Found a one-way gateway to a ziggurat.
 45226 | Depths:3 | Found a transporter.
 45227 | Depths:3 | Found a radiant altar of Vehumet.
 45682 | Depths:3 | Found a blossoming altar of Fedhas.
 46006 | Depths:4 | Entered Level 4 of the Depths
 46094 | Depths:4 | Reached skill level 15 in Translocations
 46293 | Depths:4 | Found a gate to the Realm of Zot.
 46298 | Depths:4 | Reached XP level 25. HP: 166/168 MP: 26/39
 46584 | Depths:4 | Lost mutation: You passively map a small area around you.
                  | [Jiyva's grace]
 46584 | Depths:4 | Lost mutation: Your muscles are strong. (Str +4, Int/Dex
                  | -1) [Jiyva's grace]
 46584 | Depths:4 | Lost mutation: Your spells are much harder to cast, but
                  | much more powerful. [Jiyva's grace]
 46584 | Depths:4 | Lost mutation: You are covered in slimy tendrils that may
                  | disarm your opponents. [Jiyva's grace]
 46584 | Depths:4 | Gained mutation: You are almost entirely resistant to
                  | further mutation and mutation removal. [Jiyva's grace]
 46584 | Depths:4 | Gained mutation: You are robust. (+10% HP) [Jiyva's grace]
 46584 | Depths:4 | Gained mutation: You are very robust. (+20% HP) [Jiyva's
                  | grace]
 46584 | Depths:4 | Gained mutation: You are extremely robust. (+30% HP)
                  | [Jiyva's grace]
 46921 | Zot:1    | Entered Level 1 of the Realm of Zot
 47928 | Zot:1    | Lost mutation: You are partially covered in iridescent
                  | scales. (AC +2) [Jiyva's grace]
 47928 | Zot:1    | Lost mutation: You are extremely robust. (+30% HP) [Jiyva's
                  | grace]
 47928 | Zot:1    | Gained mutation: You have sharp fingernails. [Jiyva's
                  | grace]
 47928 | Zot:1    | Gained mutation: You have very sharp fingernails. [Jiyva's
                  | grace]
 47928 | Zot:1    | Gained mutation: You have claws for hands. [Jiyva's grace]
 47928 | Zot:1    | Gained mutation: Your rubbery body absorbs attacks. (AC +1,
                  | EV +1) [Jiyva's grace]
 48920 | Zot:3    | Found a runed translucent door.
 48921 | Zot:3    | Found a shimmering altar of Xom.
 48921 | Zot:3    | Noticed Vapurghao's ghost (master MiBr)
 48968 | Zot:3    | You are sucked into a shaft and drop 1 floor!
 48972 | Zot:4    | Noticed an orb of fire
 48992 | Zot:4    | Killed an orb of fire
 49083 | Zot:4    | Found an opulent altar of Gozag.
 49336 | Zot:3    | Lost mutation: You have claws for hands. [Jiyva's grace]
 49336 | Zot:3    | Lost mutation: You are almost entirely resistant to further
                  | mutation and mutation removal. [Jiyva's grace]
 49336 | Zot:3    | Lost mutation: You are very robust. (+20% HP) [Jiyva's
                  | grace]
 49336 | Zot:3    | Lost mutation: You have a small jelly attached to you that
                  | may absorb projectiles. [Jiyva's grace]
 49336 | Zot:3    | Gained mutation: You regenerate. [Jiyva's grace]
 49336 | Zot:3    | Gained mutation: Your pliable body absorbs attacks. (AC +2,
                  | EV +2) [Jiyva's grace]
 49336 | Zot:3    | Gained mutation: Your gelatinous body deflects attacks. (AC
                  | +3, EV +3) [Jiyva's grace]
 49336 | Zot:3    | Gained mutation: You have an increased reservoir of magic.
                  | (+10% MP) [Jiyva's grace]
 50003 | Zot:3    | Reached XP level 26. HP: 192/192 MP: 20/42
 50198 | Zot:3    | Reached skill level 25 in Polearms
 51491 | Zot:5    | Entered Level 5 of the Realm of Zot
 51492 | Zot:5    | Noticed an ancient lich
 51492 | Zot:5    | Noticed an ancient lich
 51492 | Zot:5    | Found a runed translucent gate.
 51492 | Zot:5    | Found a runed translucent gate.
 51492 | Zot:5    | Found a runed translucent gate.
 51492 | Zot:5    | Found an ancient bone altar of Kikubaaqudgha.
 52254 | Zot:5    | Noticed an ancient lich
 52254 | Zot:5    | Noticed a dread lich
 52254 | Zot:5    | Noticed Kaonimui's ghost (master DjHW)
 52389 | Zot:5    | Reached skill level 26 in Polearms
 52477 | Zot:5    | Noticed an orb of fire
 52482 | Zot:5    | Gained mutation: You are vulnerable to heat. (rF-) [an orb
                  | of fire]
 52486 | Zot:5    | Killed an orb of fire
 52907 | Orc:2    | Bought a scroll of identify for 66 gold pieces
 52907 | Orc:2    | Bought a scroll of identify for 66 gold pieces
 52907 | Orc:2    | Bought a potion of heal wounds for 165 gold pieces
 53364 | Zot:5    | Noticed a Killer Klown
 53371 | Zot:5    | Killed a Killer Klown
 53471 | Zot:5    | Noticed a dread lich
 53471 | Zot:5    | Noticed a dread lich
 53475 | Zot:5    | Killed a dread lich
 53475 | Zot:5    | Noticed a Killer Klown
 53476 | Zot:5    | Noticed an orb of fire
 53479 | Zot:5    | Noticed an orb of fire
 53487 | Zot:5    | Killed a dread lich
 53490 | Zot:5    | Noticed a Killer Klown
 53496 | Zot:5    | Noticed an ancient lich
 53499 | Zot:5    | Killed an orb of fire
 53526 | Zot:5    | Killed a Killer Klown
 53528 | Zot:5    | Killed an orb of fire
 53635 | Zot:5    | Killed an ancient lich
 53667 | Zot:5    | Killed a Killer Klown
 53773 | Zot:5    | Reached skill level 27 in Polearms
 53849 | Zot:5    | Noticed a Killer Klown
 53861 | Zot:5    | Killed a Killer Klown
 53959 | Zot:5    | Got the Orb of Zot
 54185 | Depths:4 | Reached XP level 27. HP: 199/199 MP: 32/42
 54188 | Depths:4 | Noticed Nuutimato the pandemonium lord
 54550 | D:$      | Escaped with the Orb!

Illustrated notes

Levels and vault maps discovered:
D:1:      arrival_zaba_pyramid, layout_basic
D:2:      layout_rooms, ebering_ecumenical_altar_box,
          hangedman_decor_peaks_small
D:3:      layout_loops_ring, bh_walls_and_bars, uniq_sigmund, uniq_ijyb,
          uniq_jessica, uniq_crazy_yiuf_cottage
D:4:      layout_cave_pools
D:5:      layout_cave_pools
D:6:      layout_gridville, minmay_temple_entry_crystal_x,
          minmay_strange_pillars, uniq_maggie
D:7:      layout_basic, nicolae_overflow_hallway_of_the_gods,
          gammafunk_ghost_abyssal_escape, dreamdust_mushroom_princess,
          nicolae_nh_ransacked_shop
D:8:      layout_basic, nicolae_hepliaklqana_monster_ancestors,
          david_lair_shrubbed, serial_shops, shop
D:9:      layout_basic
D:10:     layout_roguey, nemelex_diamond_rough_becter,
          ashenzari_conservatory_becter, minmay_misc_feat_chi
D:11:     layout_small_grid, minmay_orc_entry_temple_small, grunt_ministairs_6,
          uniq_amaemon
D:12:     layout_rooms, serial_shops, nicolae_shop_scrapyard
D:13:     evilmike_iron_armoury, layout_cave_pools,
          lightli_vaults_fourway_checkpoint, serial_shops,
          nicolae_shop_tiny_waterfront
D:14:     layout_cave_pools, tso_altar, skrybe_limestone_x, pond
D:15:     gammafunk_depths_entry_grave, layout_irregular_city,
          chequers_serial_rivers_large_b
Temple:   hellmonk_temple_of_storms
Lair:1:   layout_roguey, grunt_megastairs_2, uniq_joseph
Lair:2:   layout_layer_cave, nicolae_swamp_entry_splash_gauntlet
Lair:3:   layout_roguey [special_room_bee], nicolae_snake_entry_squirm,
          uniq_nessos
Lair:4:   layout_hall_layers, minmay_slime_entry_pillars, gauntlet_entry_generic
Lair:5:   cheibrodos_lair_end_hotspot, layout_gridlike,
          hangedman_lair_generics_rect
Swamp:1:  layout_basic_swamp, evilmike_swamp_ruin_house_1
Swamp:2:  layout_basic_swamp, infiniplex_staircase_pool
Swamp:3:  nzn_winding_woodlands_cross [nzn_winding_woodlands_5x15_sawtooth,
          nzn_winding_woodlands_5x15_parted, nzn_winding_woodlands_5x15_jagged,
          nzn_winding_woodlands_5x15_crooked,
          nzn_winding_woodlands_15x15_five_gardens], layout_basic_swamp,
          evilmike_swamp_ruin_house_3
Swamp:4:  swamp_old_school, layout_basic_swamp, ebering_ghost_rock_garden
Snake:1:  layout_cave_shapes, grunt_megastairs_3, serial_bayou_shore_b
Snake:2:  layout_cave_shapes, nicolae_fountain_basement, uniq_mlioglotl,
          uniq_vashnia
Snake:3:  layout_chambers
Snake:4:  snake_pit, layout_cave_shapes, basic_altar
Slime:1:  cheibrodos_slime_lost_civilization_8, layout_caves, basic_altar
Slime:2:  layout_caves
Slime:3:  cheibrodos_slime_lost_civilization_9, layout_caves,
          nicolae_slime_phagocytosis
Slime:4:  layout_caves
Slime:5:  slime_pit_nicolae_block_by_block
Orc:1:    layout_caves, basic_altar, uniq_fannar, uniq_snorg
Orc:2:    grunt_orc_tribal_feast, layout_caves, serial_shops, bzr_entry_road
Elf:1:    minmay_elf_arrival_plus, layout_loops_corners, basic_altar,
          minmay_elf_annihilation
Elf:2:    elven_hall_of_blades_hangedman_original
          [nicolae_blade_entry_hurt_lockers], layout_geoelf_diagonals,
          gammafunk_ghost_ooze, uniq_saint_roka, uniq_jorgrun
Elf:3:    grunt_elf_hall_diamonds, layout_loops_ring,
          nicolae_elf_big_sculpture_3
Vaults:1: ontoclasm_vaults_claustrophobia, vaults_room_stairs_pillars,
          nicolae_vaults_storage_closets_1, v_misc_29,
          hangedman_vaults_restitches, hangedman_vaults_restitches, v_misc_32,
          vaults_mumra_hexcomb, nicolae_vaults_storage_room_glass,
          nicolae_vaults_specimen_jars, layout_vaults_omnibox
Vaults:2: mu_enter_wizlab_4, v_misc_2, nicolae_vaults_inception_scallops,
          nicolae_vaults_network_barrier, nicolae_vaults_wine_cellar,
          nicolae_vaults_two_Ls, nicolae_vaults_trapezoid_lopsided_2,
          nicolae_vaults_lightning_bolt, vaults_room_pool,
          nicolae_vaults_tetromino_L_1, minmay_crypt_entry_necro_gods,
          nicolae_vaults_yaktaur_gun_rack, nicolae_vaults_prndl,
          layout_vaults_big_room, uniq_donald, uniq_xtahua, uniq_margery,
          uniq_sojobo
Vaults:3: vaults_room_grid, ontoclasm_vaults_eye, nicolae_vaults_turnstiles,
          nicolae_vaults_house_1, hangedman_vaults_slither,
          ontoclasm_vaults_gateway, nicolae_vaults_disjoint_gnomons, v_misc_2,
          vaults_dpeg_diagonal, nicolae_vaults_mini_display_case,
          nicolae_vaults_tetromino_Z_2, v_misc_8, layout_vaults_omnicross
Vaults:4: hangedman_vaults_slice, v_misc_12, dpeg_vaults_monster_box,
          vaults_mumra_chevron, v_misc_3, vaults_dpeg_cross, vaults_room_boxed,
          v_misc_22, vaults_dpeg_spiral, hangedman_vaults_hat,
          nicolae_vaults_little_squares_3, v_misc_19,
          nicolae_vaults_display_case, ontoclasm_vaults_loading_screen,
          layout_vaults_maze, serial_shops, bzr_in_the_mist,
          nicolae_shop_tiny_glass, shop, shop
Depths:1: layout_honeycomb, chequers_serial_rivers_micro_a,
          hangedman_geh_valley, minmay_protected_statue
Depths:2: dreamdust_cat_pyramid, layout_long_grid,
          abyss_entry_small_statue_room, grunt_hell_entry_demonic_statue,
          minmay_misc_feat_secret_circle, rand_demon_pan_entry_3,
          infiniplex_staircase_zigzag_3
Depths:3: gammafunk_sealed_library, layout_long_grid, enter_ziggurat_f,
          hellmouth_1, abyss_entry, fedhas_altar_4, hex_subvault_two_sheets
Depths:4: grunt_x_marks_the_spot, layout_basic, hell_entry,
          chequers_serial_rivers_room_b, abyss_entry
Zot:1:    layout_cellular_growth
Zot:2:    layout_concentric_octagons
Zot:3:    nicolae_moth_party, layout_misc_corridors, ebering_ghost_xom,
          st_stairs_3, amethyst_zot_foddershock
Zot:4:    lemuel_acid_trip, layout_concentric_octagons, basic_altar
Zot:5:    layout_twisted_circle, gammafunk_ghost_crypt

Skill      XL: |  1  2  3  4  5  6  7  8  9 10 11 12 13 14 15 16 17 18 19 20 21 22 23 24 25 26 27 |
---------------+----------------------------------------------------------------------------------+-----
Polearms       | 3 4 5 6 7 9 10 13 16 17 18 20 21 22 23 24 27 | 27.0
Fighting       | 4 5 6 7 8 11 12 13 15 16 18 19 20 21 | 21.1
Armour         | 1 4 6 8 9 11 12 14 15 16 | 16.7
Evocations     | 5 8 9 10 | 10.0
Translocations | 7 11 12 15 18 | 18.0
Spellcasting   | 4 7 8 10 12 | 12.0
Fire Magic     | |  3.0

Action                     |  1- 3 |  4- 6 |  7- 9 | 10-12 | 13-15 | 16-18 | 19-21 | 22-24 | 25-27 || total
---------------------------+-------+-------+-------+-------+-------+-------+-------+-------+-------++-------
  Melee: Spear             |   173 |    46 |       |       |       |       |       |       |       ||   219
         Punch             |     1 |       |       |       |       |       |       |       |       ||     1
         Halberd           |       |    51 |   372 |   884 |   725 |    36 |       |       |       ||  2068
         Bardiche          |       |       |       |       |   714 |  1124 |   963 |   845 |   947 ||  4593
         Bite              |       |       |       |       |       |    44 |    13 |       |       ||    57
         Kick              |       |       |       |       |       |       |     3 |    55 |    19 ||    77
  Throw: Throwing net      |       |       |     1 |       |       |       |       |       |       ||     1
   Cast: Manifold Assault  |       |       |       |       |       |   272 |   385 |   407 |   475 ||  1539
         Apportation       |       |       |       |       |       |       |     1 |     5 |     2 ||     8
 Invoke: Fiery Armour      |     1 |     3 |     2 |     4 |     2 |       |       |       |       ||    12
         Slimify           |       |       |       |       |       |     4 |     3 |       |       ||     7
         Oozemancy         |       |       |       |       |       |       |     4 |     1 |       ||     5
  Evoke: Wand              |       |       |     5 |    13 |     6 |     2 |     5 |     1 |     2 ||    34
         Phantom mirror    |       |       |       |     1 |     2 |     1 |       |       |       ||     4
         Lightning rod     |       |       |       |       |    13 |       |     4 |       |       ||    17
         Tin of tremorston |       |       |       |       |     2 |       |       |       |       ||     2
    Use: Scroll            |       |       |     8 |     5 |    15 |     2 |     6 |     8 |     8 ||    52
         Potion            |       |       |       |       |     3 |     1 |     4 |     1 |     8 ||    17
   Stab: Paralysed         |       |       |    14 |     4 |       |       |       |       |       ||    18
         Distracted        |       |       |       |       |       |       |       |     1 |       ||     1
 Armour: Robe              |    50 |    24 |    20 |       |       |       |       |       |       ||    94
         Chain mail        |       |       |    86 |       |   321 |   702 |   334 |       |       ||  1443
         Swamp dragon scal |       |       |   110 |   504 |   116 |       |       |       |       ||   730
         Plate armour      |       |       |       |       |  1026 |    77 |       |       |       ||  1103
         Fire dragon scale |       |       |       |       |       |       |    43 |   152 |       ||   195
         Gold dragon scale |       |       |       |       |       |       |       |    61 |   354 ||   415
  Dodge: Dodged            |    75 |    39 |   155 |   487 |  1273 |   643 |   203 |   142 |   328 ||  3345
  Block: Other             |       |       |    19 |    29 |       |       |       |       |       ||    48

Table legend: (Time is in decaauts)
 A = Elapsed time spent in this place.
 B = Non-inter-level travel time spent in this place.
 C = Inter-level travel time spent in this place.
 D = Time resting spent in this place.
 E = Time spent auto-exploring this place.
 F = Levels seen in this place.
 G = Mean time per level.
                   A        B        C        D        E       F      G
               +--------+--------+--------+--------+--------+-----+--------+
         Total |  55553 |  48679 |   6874 |   3343 |  31285 |  55 | 1010.1 |
       Dungeon |  15913 |  13262 |   2651 |   1077 |   8261 |  15 | 1060.9 |
        Temple |      1 |      1 |      0 |      0 |      0 |   1 |    1.0 |
          Lair |   8429 |   7459 |    970 |    791 |   4520 |   5 | 1685.8 |
         Swamp |   3378 |   3236 |    142 |     73 |   2212 |   4 |  844.5 |
     Snake Pit |   4256 |   3890 |    366 |    219 |   2158 |   4 | 1064.0 |
    Slime Pits |   1129 |   1052 |     77 |      0 |    933 |   5 |  225.8 |
  Orcish Mines |   1763 |   1406 |    357 |     93 |    719 |   2 |  881.5 |
   Elven Halls |   3369 |   3162 |    207 |    241 |   2173 |   3 | 1123.0 |
        Vaults |   4714 |   4392 |    322 |     95 |   3071 |   4 | 1178.5 |
        Depths |   4708 |   3896 |    812 |     19 |   2937 |   4 | 1177.0 |
           Zot |   6412 |   5444 |    968 |    508 |   3849 |   5 | 1282.4 |
         Abyss |    412 |    412 |      0 |     12 |    291 |   1 |  412.0 |
        Wizlab |    587 |    587 |      0 |     97 |    161 |   1 |  587.0 |
      Gauntlet |    477 |    477 |      0 |    117 |      0 |   1 |  477.0 |
               +--------+--------+--------+--------+--------+-----+--------+

Top non-repeatable levels by time:
  Lair:3: 2023 daAuts
  Lair:5: 1927 daAuts
  Lair:2: 1858 daAuts
   Zot:3: 1730 daAuts
     D:9: 1705 daAuts
Depths:1: 1527 daAuts
    D:12: 1502 daAuts
   Elf:3: 1458 daAuts
  Lair:1: 1454 daAuts
    D:13: 1435 daAuts
Vaults:4: 1414 daAuts
     D:8: 1364 daAuts
   Zot:4: 1341 daAuts
 Snake:3: 1304 daAuts
 Snake:1: 1285 daAuts
